 Dungeon Crawl Stone Soup version 0.29.0-5-ge4962eb29e (webtiles) character file.

Game seed: 8917147234744936470

78 edwardauron the Covered (level 4, -4/28 HPs)
             Began as a Gargoyle Fighter on Aug 29, 2022.
             Slain by a gnoll
             ... wielding a +0 halberd
              (11 damage)
             ... on level 2 of the Dungeon.
             The game lasted 00:01:57 (2054 turns).

edwardauron the Covered (Gargoyle Fighter)          Turns: 2054, Time: 00:01:58

Health: -4/28      AC: 10    Str: 19    XL:     4   Next: 36%
Magic:  4/4        EV:  9    Int:  9    God:
Gold:   51         SH:  4    Dex:  9    Spells: 3/3 levels left

rFire   + . .      SeeInvis .   j - +8 flail "Oshricini" {vorpal, rF+ Will+ Str-2 Stlth+}
rCold   . . .      Faith    .   c - +0 buckler
rNeg    + . .      Spirit   .   b - +0 scale mail
rPois   ∞          Reflect  .   (no helmet)
rElec   +          Harm     .   (no cloak)
rCorr   .          Rampage  .   (no gloves)
Will    +....                   (no boots)
Stlth   +.........              (no amulet)
HPRegen 0.09/turn               (no ring)
MPRegen 0.09/turn               (no ring)

@: mighty
A: sickness immunity, AC +3, negative energy resistance 1, electricity
resistance, torment resistance 1, petrification resistance
a: no special abilities


You were on level 2 of the Dungeon.
You visited 1 branch of the dungeon, and saw 2 of its levels.

You collected 51 gold pieces.

Inventory:

Hand Weapons
 a - a +0 war axe
 j - the +8 flail "Oshricini" (weapon) {vorpal, rF+ Will+ Str-2 Stlth+}
   (You took it off a hobgoblin on level 2 of the Dungeon)

   It inflicts extra damage upon your enemies.
   Str:       It affects your strength (-2).
   rF:        It protects you from fire.
   Will:      It increases your willpower.
   Stlth:     It makes you more stealthy.
Missiles
 f - a throwing net (quivered)
Armour
 b - a +0 scale mail (worn)
 c - a +0 buckler (worn)
Wands
 l - a wand of acid (14)
Scrolls
 h - a scroll of silence {unknown}
 i - a scroll of acquirement {unknown}
 k - a scroll of noise {unknown}
Potions
 d - a potion of might
 e - 2 potions of flight {unknown}
 g - a potion of lignification {unknown}


   Skills:
 - Level 3.2 Fighting
 + Level 3.1 Axes
 + Level 4.5 Armour
 - Level 3.2 Shields


You had 3 spell levels left.
You didn't know any spells.
Your spell library was empty.

Dungeon Overview and Level Annotations

Branches:
Dungeon (2/15)

Altars:

Shops:
D:2 [


Innate Abilities, Weirdness & Mutations

You are immune to sickness and miasma.
Your stone body is resilient. (AC +3)
You are immune to poison.
You resist negative energy. (rN+)
You are resistant to electric shocks. (rElec)
You are resistant to unholy torment.
You are immune to petrification.


Message History

You block the gnoll's attack. The gnoll attacks as you move away!
The gnoll barely misses you.
A ball python comes into view.
The gnoll attacks as you move away! The gnoll hits you with a +0 club.
The gnoll attacks as you move away! The gnoll hits you but does no damage.
You hit the gnoll.
The gnoll is severely wounded.
The gnoll hits you but does no damage.
You sock the gnoll!
You kill the gnoll!
The gnoll hits you with a +0 spear.
The gnoll hits you from afar with a +0 halberd!
You see here a +0 club.
You completely miss the gnoll. The gnoll barely misses you.
The gnoll closely misses you. The gnoll hits you with a +0 spear.
The gnoll barely misses you.
You are too injured to fight recklessly!
You are too injured to fight recklessly!
You are too injured to fight recklessly!
You are too injured to fight recklessly!
You are too injured to fight recklessly!
You are too injured to fight recklessly!
You are too injured to fight recklessly!
You are too injured to fight recklessly!
You are too injured to fight recklessly!
You are too injured to fight recklessly!
You are too injured to fight recklessly!
You are too injured to fight recklessly!
You are too injured to fight recklessly!
Sorry, you're not good enough to have a special ability.
You feel very mighty all of a sudden. The gnoll hits you with a +0 spear.
The gnoll barely misses you.
You closely miss the gnoll. The gnoll hits you with a +0 spear.
* * * LOW HITPOINT WARNING * * *
The gnoll closely misses you.
You sock the gnoll!
The gnoll is almost dead.
You block the gnoll's attack.
The gnoll hits you from afar with a +0 halberd!
You die...

[......... ##...
###..... #...#
###.#.## ###...#
#....... ..$...
##..#.## ####(.w##
#.....# ........
#.....#
.####..g######.
#.....#
......wgg@...#.
#.....#
...#########.#.##
#.....## #.#..#
#....... #.##.#
######## #######.##.#
........
.........♣.♣#♣#♣#♣#♣.
#######..............
.........♣.♣#♣#♣#♣#♣#
#######..#..#


You could see a worm and 3 gnolls.

Vanquished Creatures
  2 gnolls
  2 adders (D:2)
  A worm (D:2)
  A dart slug (D:2)
  2 ball pythons
  6 endoplasms
  2 giant cockroaches (D:2)
  2 goblins (D:2)
  3 hobgoblins
  2 jackals (D:2)
  A quokka (D:1)
  6 bats
  A frilled lizard (D:1)
  2 kobolds (D:1)
  3 rats
36 creatures vanquished.

Vanquished Creatures (others)
  5 plants
5 creatures vanquished.

Grand Total: 41 creatures vanquished

Notes
Turn   | Place    | Note
-------+----------+-------------------------------------------
     0 | D:1      | edwardauron the Gargoyle Fighter began the quest for the
                  | Orb.
     0 | D:1      | Reached XP level 1. HP: 14/14 MP: 1/1
   548 | D:1      | Reached XP level 2. HP: 19/19 MP: 2/2
   568 | D:1      | Found a faded altar of an unknown god.
  1049 | D:1      | Reached XP level 3. HP: 23/23 MP: 3/3
  1061 | D:1      | Reached skill level 4 in Armour
  1370 | D:2      | Found Xulamaix's Antique Armour Emporium.
  1682 | D:2      | Identified the +8 flail "Oshricini" {vorpal, rF+ Will+
                  | Str-2 Stlth+}
  1695 | D:2      | Reached XP level 4. HP: 18/28 MP: 4/4
  2054 | D:2      | Slain by a gnoll

Illustrated notes

Levels and vault maps discovered:
D:1:      mrwooster_arrival_statue_2, layout_basic, serial_forest,
          infiniplex_forest_3_way, infiniplex_forest_lined_corner,
          infiniplex_forest_lined_3_way, infiniplex_forest_lined_corner,
          infiniplex_forest_zigzag_1, infiniplex_forest_lined_3_way,
          infiniplex_forest_3_way, infiniplex_forest_lined_corner,
          shapermc_ecumenical_altar_mp_highgroup, st_stairs_1
D:2:      layout_basic, serial_forest, infiniplex_forest_clump_double,
          infiniplex_forest_clump_small, infiniplex_forest_clump_medium,
          infiniplex_forest_lined_3, infiniplex_forest_lined_2,
          infiniplex_forest_lined_4_way, infiniplex_forest_clump_curved,
          infiniplex_forest_lined_ring, serial_shops,
          nicolae_shop_hallway_stairs

Skill      XL: |  1  2  3 |
---------------+----------+-----
Axes           | 2 3 |  3.1
Armour         | 4 |  4.5
Fighting       | |  3.2
Shields        | |  3.2

Action                   |  1- 3 |  4- 6 || total
-------------------------+-------+-------++-------
Melee: War axe           |    77 |       ||    77
       Flail             |       |    14 ||    14
  Use: Potion            |     1 |     1 ||     2
Armor: Scale mail        |    36 |     5 ||    41
Dodge: Dodged            |    37 |     6 ||    43
Block: Buckler           |    19 |     3 ||    22
